AoeStats
← w2k8m1w2762

Black Forest

505611633Analyzed
4v4 RM · 22d ago on Sep 10, 2026· 63m 47s· 8 players
Game mode
Random Map
Map size
Large (8 player)
Population
200
Speed
Normal
Resources
Standard
Victory
Conquest
Starting age
Dark Age
Ending age
Imperial Age
RankedLock teamsTeams togetherTeam positionsShared explorationLock speedFull tech treeHidden civsTurbo modeCheats
Victory
Defeat
🇨🇦 Ethiopians · Canada
1087
+15
1074
+16
🇦🇺 Goths · Australia
1048
+17
🇳🇱 Vikings · Netherlands
1016
+18
🇹🇼 Italians · Taiwan
1112
-18
1109
-18
🇨🇳 Turks · China
1056
-16
🇨🇳 Celts · China
1006
-14
Zad
0:26 Loom
18:48 Feudal Age
20:32 Wheelbarrow
19:43 Town Watch
19:45 Double-Bit Axe
19:41 Horse Collar
29:43 Castle Age
32:38 Bow Saw
33:01 Heavy Plow
33:30 Stone Mining
38:53 Stone Shaft Mining
38:20 Gold Mining
40:13 Hand Cart
40:17 Town Patrol
44:36 Imperial Age
42:24 Forging
42:18 Scale Mail Armor
44:12 Iron Casting
43:42 Anarchy
43:39 Pikeman
44:20 Squires
43:41 Man-at-Arms
45:04 Chain Mail Armor
46:19 Blast Furnace
45:22 Perfusion
45:21 Halberdier
45:21 Long Swordsman
47:18 Crop Rotation
47:51 Two-Man Saw
46:36 Two-Handed Swordsman
48:35 Murder Holes
49:41 Chemistry
49:41 Elite Huskarl
50:22 Perfusion
50:43 Conscription
49:54 Sappers
52:22 Blast Furnace
51:24 Padded Archer Armor
51:14 Fletching
51:30 Scale Barding Armor
54:11 Champion
61:30 Leather Archer Armor
61:42 Bodkin Arrow
62:08 Chain Barding Armor
63:06 Ring Archer Armor
DR GUS GLITTERGELPEN BILDORDER Ⅷ
11:27 Feudal Age
15:42 Castle Age
13:37 Double-Bit Axe
14:30 Horse Collar
16:11 Wheelbarrow
18:00 Bow Saw
18:58 Loom
23:01 Heavy Plow
23:54 Hand Cart
23:25 Town Watch
23:25 Loom
25:25 Scale Barding Armor
26:00 Bloodlines
26:23 Forging
28:44 Chain Barding Armor
28:59 Iron Casting
29:21 Husbandry
29:43 Fletching
32:15 Town Patrol
35:12 Imperial Age
33:28 Padded Archer Armor
33:24 Bodkin Arrow
34:27 Leather Archer Armor
34:38 Masonry
35:02 Gold Mining
35:02 Stone Mining
35:43 Thumb Ring
35:59 Bracer
36:27 Ballistics
37:07 Chemistry
37:41 Plate Barding Armor
37:43 Elite Elephant Archer
39:05 Conscription
39:18 Elite Shrivamsha Rider
42:14 Frontier Guards
44:17 Architecture
43:44 Murder Holes
48:27 Elite Skirmisher
57:07 Heavy Camel Rider
58:39 Siege Elephant
62:04 Onager
62:04 Heavy Scorpion
tboss
0:26 Loom
12:49 Feudal Age
16:42 Castle Age
14:39 Double-Bit Axe
14:36 Horse Collar
17:48 Bow Saw
23:21 Wheelbarrow
22:45 Town Watch
25:39 Hand Cart
27:30 Gold Mining
31:33 Imperial Age
29:34 Ballistics
32:13 Town Patrol
33:39 Chemistry
33:28 Torsion Engines
32:53 Heavy Scorpion
33:51 Siege Engineers
36:10 Two-Man Saw
36:17 Heavy Plow
36:16 Onager
zsole19
1:10 Loom
13:11 Feudal Age
17:53 Castle Age
16:39 Double-Bit Axe
17:10 Horse Collar
18:58 Bow Saw
22:57 Gold Mining
23:14 Heavy Plow
27:23 Stone Mining
27:35 Town Watch
28:56 Town Patrol
29:58 Treadmill Crane
30:39 Ballistics
33:51 Imperial Age
32:20 Gold Shaft Mining
31:25 Pikeman
32:05 Squires
32:12 Gambesons
31:49 Man-at-Arms
33:08 Forging
33:29 Scale Barding Armor
33:24 Scale Mail Armor
32:56 Long Swordsman
33:49 Chieftains
34:26 Iron Casting
34:10 Caravan
34:57 Conscription
34:12 Two-Handed Swordsman
36:42 Chemistry
36:45 Two-Man Saw
36:35 Chain Mail Armor
35:45 Champion
37:32 Elite Skirmisher
37:49 Elite Berserk
42:52 Blast Furnace
43:14 Two-Man Saw
42:49 Crop Rotation
46:07 Murder Holes
47:37 Padded Archer Armor
47:31 Fletching
48:32 Capped Ram
52:24 Plate Mail Armor
51:50 Bodkin Arrow
52:10 Leather Archer Armor
54:45 Bracer
63:49 Fervor
Танцующий Xyй
0:28 Loom
11:58 Feudal Age
18:40 Castle Age
25:04 Imperial Age
23:26 Double-Bit Axe
23:42 Stone Mining
23:48 Gold Mining
32:34 Chemistry
31:33 Stone Mining
37:40 Elite Organ Gun
高老头子
12:12 Feudal Age
10:38 Loom
12:29 Feudal Age
17:39 Castle Age
15:59 Double-Bit Axe
18:02 Forging
18:30 Man-at-Arms
19:17 Horse Collar
23:50 Heavy Plow
25:38 Pikeman
26:24 Scale Mail Armor
26:59 Iron Casting
29:07 Wheelbarrow
30:25 Hand Cart
32:41 Gold Mining
32:42 Stone Mining
34:10 Chain Mail Armor
38:34 Imperial Age
35:56 Stronghold
36:01 Gambesons
36:02 Arson
36:59 Gold Shaft Mining
37:00 Stone Shaft Mining
39:01 Fletching
38:59 Capped Ram
40:03 Conscription
39:54 Furor Celtica
39:23 Onager
40:57 Plate Mail Armor
41:28 Blast Furnace
41:02 Bow Saw
41:08 Halberdier
42:10 Siege Ram
45:27 Elite Woad Raider
50:50 Siege Onager
52:27 Bodkin Arrow
52:32 Padded Archer Armor
53:37 Chemistry
52:33 Murder Holes
52:44 Siege Engineers
53:00 Ballistics
一杯冰美式
1:02 Loom
w2k8m1w2762
0:59 Loom
12:18 Feudal Age
18:33 Castle Age
17:19 Double-Bit Axe
17:18 Horse Collar
17:34 Gold Mining
20:43 Bow Saw
20:37 Heavy Plow
22:08 Wheelbarrow
26:08 Bloodlines
32:09 Imperial Age
30:28 Hand Cart
29:59 Town Watch
33:12 Ballistics
32:33 Treadmill Crane
32:49 Murder Holes
33:05 Masonry
32:47 Fletching
33:08 Forging
33:04 Scale Barding Armor
33:00 Padded Archer Armor
33:35 Artillery
32:56 Elite Janissary
33:57 Conscription
33:53 Stone Mining
34:39 Gold Shaft Mining
34:45 Iron Casting
34:05 Bodkin Arrow
34:14 Husbandry
33:53 Heavy Camel Rider
36:39 Chain Barding Armor
36:35 Leather Archer Armor
37:22 Blast Furnace
40:52 Plate Barding Armor
40:48 Ring Archer Armor
40:19 Bracer
41:08 Architecture
49:56 Two-Man Saw
49:21 Bombard Tower
48:48 Arrowslits
Connection lost

Rejoining the realm…

Still unreachable

The connection could not be restored.

Session expired

The server has moved on; the page needs a fresh start.